 Dungeon Crawl Stone Soup version 0.30.0-16-gbe6223bb7e (webtiles) character file.

Game seed: 234123232621868970

52 KingMidas the Shooter (level 4, -1/32 HPs)
             Began as a Formicid Hexslinger on May 20, 2023.
             Slain by an iguana (13 damage)
             ... on level 4 of the Dungeon.
             The game lasted 00:04:27 (1127 turns).

KingMidas the Shooter (Formicid Hexslinger)         Turns: 1127, Time: 00:04:27

Health: -1/32      AC:  2    Str: 15    XL:     4   Next: 8%
Magic:  1/5        EV: 12    Int: 14    God:
Gold:   62         SH:  0    Dex: 14    Spells: 1/5 levels left

rFire   . . .        a - +1 sling
rCold   . . .        (no shield)
rNeg    . . .        c - +0 robe
rPois   .            (helmet unavailable)
rElec   .            (no cloak)
rCorr   .            (no gloves)
SInv    +            (no boots)
Will    .....        (no amulet)
Stlth   +            (no ring)
HPRegen 0.25/turn    (no ring)
MPRegen 0.09/turn

%: no passive effects
@: no status effects
A: permanent stasis, dig shafts and tunnels, antennae 3, four strong arms
a: Dig, Shaft Self


You were on level 4 of the Dungeon.
You visited 1 branch of the dungeon, and saw 3 of its levels.

You collected 62 gold pieces.

Inventory:

Hand Weapons
 a - a +1 sling (weapon)
Armour
 c - a +0 robe (worn)
Scrolls
 f - a scroll of teleportation
Potions
 e - a potion of ambrosia
 g - 2 potions of might
 h - 3 potions of magic


   Skills:
 - Level 1.1 Fighting
 + Level 4.0 Ranged Weapons
 - Level 1.7 Dodging
 - Level 1.1 Spellcasting
 - Level 3.6 Hexes


You had one spell level left.
You knew the following spells:

 Your Spells              Type           Power      Damage    Failure   Level
a - Slow                  Hex            40%        N/A       6%          1
b - Portal Projectile     Hex/Tloc       10%        N/A       36%         3

Your spell library contained the following spells:

 Spells                   Type           Power      Damage    Failure   Level
 Inner Flame              Hex/Fire       5%         N/A       36%         3
 Cause Fear               Hex            5%         N/A       52%         4


Dungeon Overview and Level Annotations

Branches:
Dungeon (2/15)

Altars:
The Shining One

Annotations:
D:2 Natasha, Sigmund


Innate Abilities, Weirdness & Mutations

You cannot be hasted, slowed, berserked, paralysed or teleported.
You can dig through walls and to a lower floor.
You have a pair of large antennae on your head. (SInv)
Your four strong arms can wield two-handed weapons with a shield.


Message History

Casting: Slow (safe; 6% risk of failure)
Confirm with . or Enter, or press ? or * to list all spells.
The spell is quite dangerous to miscast (36% risk of failure)!
Continue anyway?
You begin teleporting projectiles to their destination.
You magically shoot a sling bullet.
The sling bullet hits the iguana.
The iguana is moderately wounded.
You magically shoot a sling bullet.
The sling bullet barely misses the iguana.
You are no longer teleporting projectiles to their destination.
You shoot a sling bullet.
The sling bullet completely misses the iguana.
You shoot a sling bullet.
The sling bullet closely misses the iguana.
You shoot a sling bullet.
The sling bullet hits the iguana but does no damage.
The iguana is lightly wounded.
The iguana completely misses you.
You shoot a sling bullet.
The sling bullet closely misses the iguana.
The iguana closely misses you.
You shoot a sling bullet.
The sling bullet closely misses the iguana.
The iguana misses you.
You shoot a sling bullet. The sling bullet hits the iguana.
The iguana is moderately wounded.
The iguana bites you!
You shoot a sling bullet.
The sling bullet closely misses the iguana.
The iguana bites you but does no damage.
The iguana closely misses you.
You shoot a sling bullet. The sling bullet hits the iguana!
The iguana is severely wounded.
The iguana bites you!
You are too injured to fight recklessly!
You are too injured to fight recklessly!
You are too injured to fight recklessly!
You shoot a sling bullet. The sling bullet hits the iguana.
The iguana is almost dead.
The iguana bites you!
You die...

.... {
#..# ..
#..#
....###.#
........##
....###..#
.. #..##
##.l# #
##@#
.###.#
..##.#
#.##.#
#.##.#
#.##.#
#.##.#
#####
#..#.##
#§.≈#
##....#


You could see an iguana.

Vanquished Creatures
  2 adders (D:2)
  A dart slug (D:1)
  2 endoplasms (D:1)
  2 giant cockroaches
  A goblin (D:1)
  2 hobgoblins (D:1)
  7 jackals (D:1)
  3 bats
  3 frilled lizards (D:1)
  3 kobolds (D:1)
  5 rats (D:1)
31 creatures vanquished.

Notes
Turn   | Place    | Note
-------+----------+-------------------------------------------
     0 | D:1      | KingMidas the Formicid Hexslinger began the quest for the
                  | Orb.
     0 | D:1      | Reached XP level 1. HP: 15/15 MP: 2/2
    91 | D:1      | Reached XP level 2. HP: 18/21 MP: 3/3
   197 | D:1      | Reached skill level 3 in Ranged Weapons
   249 | D:1      | Reached XP level 3. HP: 26/26 MP: 4/4
   725 | D:2      | Reached skill level 4 in Ranged Weapons
   725 | D:2      | Reached XP level 4. HP: 20/32 MP: 5/5
   731 | D:2      | Learned a level 3 spell: Portal Projectile
   824 | D:2      | Noticed Sigmund
  1020 | D:2      | Noticed Natasha
  1025 | D:2      | You fall into a shaft and drop 2 floors!
  1025 | D:4      | Found a glowing golden altar of the Shining One.
  1127 | D:4      | Slain by an iguana

Illustrated notes

Levels and vault maps discovered:
D:1:      lightli_arrival_lavapool, layout_basic
D:2:      layout_loops_ring, uniq_crazy_yiuf_cottage, uniq_natasha, uniq_sigmund
D:4:      layout_rooms, chequers_temple_overflow_minitemple, pf_just_have_faith,
          hellmonk_ghost_happy_afterlife, kennysheep_decorative_pillar,
          uniq_robin, uniq_menkaure

Skill      XL: |  1  2  3 |
---------------+----------+-----
Ranged Weapons | 3 4 |  4.0
Fighting       | |  1.1
Dodging        | |  1.7
Spellcasting   | |  1.1
Hexes          | |  3.6

Action                     |  1- 3 |  4- 6 || total
---------------------------+-------+-------++-------
   Fire: Sling             |    76 |    30 ||   106
   Cast: Slow              |     1 |       ||     1
         Portal Projectile |       |     1 ||     1
Ability: Shaft Self        |       |     2 ||     2
    Use: Scroll            |     2 |     1 ||     3
         Potion            |       |     4 ||     4
 Armour: Robe              |     8 |     7 ||    15
  Dodge: Dodged            |    32 |    39 ||    71
